Map: Inside and Out

Players

HeroMarine

  • Race: Terran Terran
  • Spawn Location: 1:00

MaxPax - Winner!

  • Race: Protoss Protoss
  • League: Grandmaster
  • Spawn Location: 7:00

VOD

Have the link to the VOD?

Description

Time

  • Played on: Oct. 21, 2022, 2:28 p.m.
  • Length: 9:45
Show
View Real Time Build Order
Export as new Build Order

HeroMarine Terran 

Build Orders: 1/1/1 

Get SALT Encoding   

  12  0:00  SCV  
  13  0:12  SCV  
  14  0:17  Supply Depot  
  14  0:24  SCV  
  15  0:38  SCV  
  15  0:39  Barracks  
  15  0:42  Refinery  
  16  0:50  SCV  
  16  0:52  Refinery  
  17  1:02  SCV  
  18  1:15  SCV  
  19  1:26  Reaper  
  19  1:27  Orbital Command  
  19  1:31  Supply Depot  
  20  1:41  Factory  
  20  1:52  SCV  
  21  1:58  Barracks Reactor  
  21  2:04  SCV  
  22  2:14  Command Center  
  22  2:16  SCV  
  23  2:27  Starport  
  23  2:30  SCV  
  23  2:37  Widow Mine  
  26  2:41  Marine x2  
  28  2:45  SCV  
  28  2:49  Supply Depot  
  29  2:57  SCV  
  29  2:58  Factory Tech Lab  
  30  3:00  Marine  
  31  3:10  SCV, Medivac, Marine  
  35  3:23  Siege Tank, Marine  
  35  3:26  SCV  
  39  3:28  Marine  
  40  3:38  SCV  
  40  3:40  Viking  
  43  3:41  Marine  
  43  3:45  Marine, Orbital Command  
  45  3:51  Supply Depot  
  46  3:59  Siege Tank  
  46  4:00  Marine  
  49  4:03  SCV  
  49  4:05  Marine  
  51  4:17  SCV  
  51  4:18  Marine  
  51  4:23  Viking, Marine  
  56  4:25  Supply Depot, SCV  
  56  4:29  SCV  
  58  4:36  Marine  
  58  4:37  SCV  
  58  4:39  Siege Tank  
  58  4:41  SCV, Marine  
  57  4:49  SCV  
  57  4:53  SCV, Viking  
  57  4:54  Marine  
  57  4:56  Supply Depot  
  57  4:59  Marine  
  62  5:01  SCV  
  62  5:05  SCV  
  64  5:07  Barracks  
  64  5:12  Marine  
  65  5:14  Siege Tank  
  65  5:15  SCV  
  65  5:18  SCV  
  65  5:19  Marine  
  71  5:28  SCV  
  71  5:30  SCV, Marine  
  66  5:37  Marine  
  66  5:42  SCV  
  61  5:44  Viking  
  61  5:46  Barracks  
  61  5:47  Marine  
  61  5:51  SCV  
  61  5:52  Bunker  
  61  5:54  SCV  
  61  5:55  Marine  
  61  6:00  Siege Tank  
  61  6:02  Barracks Tech Lab  
  61  6:03  SCV  
  60  6:05  Marine  
  60  6:06  SCV  
  59  6:12  Marine  
  59  6:13  Engineering Bay  
  59  6:15  Refinery  
  59  6:23  Marauder, Marine  
  59  6:24  Bunker  
  62  6:29  Supply Depot  
  62  6:30  Viking, Marine  
  63  6:33  Marine  
  63  6:35  SCV x2  
  66  6:41  Marine  
  66  6:42  Siege Tank  
  66  6:45  Marauder  
  72  6:47  SCV x2  
  72  6:48  Marine  
  72  6:53  Refinery, Marine  
  74  6:59  SCV x2, Marine  
  76  7:03  Starport Reactor  
  76  7:05  Stimpack  
  76  7:06  Marine  
  76  7:10  Marauder  
  76  7:11  SCV x2  
  76  7:15  Supply Depot  
  80  7:16  Marine  
  80  7:23  SCV x2, Barracks Tech Lab  
  80  7:27  Barracks x2  
  79  7:32  Marauder  
  79  7:33  Siege Tank  
  79  7:35  SCV x2, Marine  
  80  7:47  SCV, Starport Reactor  
  80  7:51  Marine x2  
  81  7:53  Supply Depot  
  81  7:59  Marine  
  81  8:05  Missile Turret, Siege Tank, Marine  
  84  8:11  Marine  
  84  8:12  Combat Shield  
  85  8:13  Marine  
  85  8:14  Marine  
  85  8:15  Marine  
  85  8:19  Marine  
  88  8:22  Marine  
  88  8:23  Medivac  
  92  8:27  Supply Depot  
  92  8:29  Marine  
  92  8:30  Medivac, Marine  
  92  8:32  Marine  
  92  8:33  Marine  
  98  8:36  Supply Depot  
  98  8:41  Marauder, Marine  
  101  8:47  Marine  
  98  8:48  Marine  
  98  8:50  Siege Tank, Marine  
  98  8:52  Marine  
  104  8:59  Marine  
  104  9:02  Marauder  
  107  9:04  Marine  
  107  9:06  Marine  
  107  9:07  Marine  
  107  9:10  Marine  
  107  9:16  Marine  
Show
View Real Time Build Order
Export as new Build Order

MaxPax Protoss - Winner!

Build Orders: 1 Gate Expand, Blink Stalkers 

Get SALT Encoding   

  12  0:00  Probe  
  13  0:12  Probe  
  14  0:16  Pylon  
  14  0:24  Probe (Chrono Boost)  
  15  0:36  Gateway, Probe (Chrono Boost)  
  16  0:44  Probe (Chrono Boost)  
  16  0:45  Assimilator  
  17  0:50  Probe  
  18  1:03  Probe  
  19  1:15  Probe  
  20  1:23  Cybernetics Core  
  20  1:29  Probe  
  21  1:33  Nexus  
  21  1:40  Pylon  
  21  1:43  Probe  
  21  1:46  Assimilator  
  22  1:55  Probe  
  22  1:56  Adept (Chrono Boost)  
  25  2:04  Warp Gate  
  25  2:08  Shield Battery  
  25  2:09  Probe  
  26  2:18  Stalker (Chrono Boost)  
  26  2:21  Probe  
  29  2:33  Probe  
  29  2:34  Twilight Council  
  30  2:45  Probe x2  
  32  2:56  Gateway  
  32  2:57  Probe x2  
  34  3:02  Blink (Chrono Boost)  
  34  3:09  Probe x2  
  36  3:21  Probe x2  
  38  3:31  Robotics Facility  
  38  3:33  Probe  
  39  3:35  Probe  
  39  3:36  Gateway  
  39  3:39  Gateway  
  40  3:43  Pylon  
  40  3:46  Probe  
  40  3:47  Probe  
  40  3:52  Stalker  
  40  3:54  Stalker  
  44  3:58  Probe  
  45  4:03  Probe  
  45  4:04  Pylon  
  46  4:10  Probe  
  46  4:15  Probe  
  44  4:18  Stalker x2  
  44  4:22  Probe  
  48  4:27  Probe  
  49  4:34  Probe  
  50  4:39  Probe  
  50  4:40  Warp Prism (Chrono Boost)  
  53  4:46  Probe  
  53  4:47  Assimilator  
  53  4:49  Pylon  
  55  4:52  Probe  
  55  4:58  Stalker x2  
  59  5:00  Stalker  
  59  5:03  Probe  
  60  5:16  Stalker  
  60  5:19  Pylon  
  62  5:22  Stalker x2  
  62  5:23  Stalker  
  68  5:32  Probe  
  68  5:33  Probe  
  60  5:44  Probe  
  60  5:47  Stalker x4  
  69  5:56  Probe  
  66  5:57  Probe  
  61  6:08  Probe  
  60  6:11  Stalker x4  
  60  6:14  Observer (Chrono Boost)  
  60  6:15  Nexus  
  60  6:18  Assimilator  
  69  6:27  Probe x2  
  69  6:29  Templar Archives  
  71  6:33  Pylon  
  71  6:41  Probe  
  71  6:42  Pylon  
  72  6:49  Observer  
  72  6:50  Stalker x3  
  72  6:51  Probe  
  79  6:54  Probe  
  79  6:55  Pylon  
  80  7:03  Probe  
  80  7:06  Probe  
  82  7:09  Charge (Chrono Boost)  
  82  7:15  Probe  
  82  7:18  Probe  
  83  7:27  Probe, Psionic Storm  
  84  7:31  Probe  
  84  7:33  Gateway  
  84  7:34  Probe  
  84  7:35  Observer  
  84  7:36  Gateway  
  87  7:39  Gateway, Probe  
  87  7:41  Gateway  
  87  7:43  Probe  
  89  7:46  Stalker, Pylon  
  89  7:47  Zealot x2, Stalker  
  89  7:48  Probe  
  97  7:52  Probe  
  100  8:03  Probe  
  99  8:07  Forge  
  99  8:08  High Templar x2  
  99  8:10  Pylon  
  99  8:12  Shield Battery  
  103  8:14  High Templar  
  103  8:15  Zealot  
  107  8:21  Forge, Pylon  
  107  8:23  Nexus, Pylon  
  107  8:34  Zealot x2, Sentry  
  109  8:37  Gateway  
  109  8:40  Observer  
  113  8:41  Gateway  
  113  8:49  Zealot x5  
  113  8:50  Probe x2  
  125  9:01  Zealot x3  
  129  9:06  Probe  
  130  9:10  High Templar x2  
  130  9:11  Zealot x3  
  130  9:15  Archon  
  130  9:16  Shield Battery  
  120  9:33  Zealot x5, High Templar x2  
  120  9:38  Archon  
Tags
 
Add a new tag
Caveats
  • Supply blocks, unpowered buildings, or Contaminate may cause inaccurate times.
  • Supply counts are checked every 10 seconds.